 Dungeon Crawl Stone Soup version 0.31.0-32-g396128a36d (webtiles) character file.

Game seed: 13635645747777965563

194 PaiMei the Grave Robber (level 5, -2/38 HPs)
             Began as a Demonspawn Necromancer on Apr 10, 2024.
             Incinerated by a bombardier beetle (3 damage)
             ... with a burning spray
             ... on level 4 of the Dungeon.
             The game lasted 00:04:17 (3838 turns).

PaiMei the Grave Robber (Demonspawn Necromancer)    Turns: 3838, Time: 00:04:17

Health: -2/38      AC:  3    Str:  9    XL:     5   Next: 44%
Magic:  0/9        EV: 12    Int: 17    God:
Gold:   197        SH:  4    Dex: 13    Spells: 6/10 levels left

rFire   . . .        g - +0 dagger
rCold   . . .        (no shield)
rNeg    . . .        a - +0 robe
rPois   .            f - +0 helmet
rElec   .            (no cloak)
rCorr   .            (no gloves)
SInv    .            (no boots)
Will    .....        (no amulet)
Stlth   +            p - ring of wizardry
HPRegen 0.26/turn    (no ring)
MPRegen 0.11/turn

%: wizardry (x1)
@: on fire, glowing
A: large bone plates 1, foul stench 1
a: no special abilities


You were on level 4 of the Dungeon.
You visited 1 branch of the dungeon, and saw 4 of its levels.

You collected 197 gold pieces.

Inventory:

Hand Weapons
 g - a +0 dagger (weapon)
Missiles
 j - 15 poisoned darts (quivered)
Armour
 a - a +0 robe (worn)
 f - a +0 helmet (worn)
Jewellery
 p - a ring of wizardry (left hand)
 q - a ring of protection from cold
Scrolls
 c - a scroll of identify {unknown}
 d - 2 scrolls of fear {unknown}
 e - 3 scrolls of teleportation {unknown}
 i - a scroll of enchant armour {unknown}
 k - 2 scrolls of vulnerability {unknown}
 l - a scroll of torment {unknown}
 m - 2 scrolls of immolation {unknown}
Potions
 b - a potion of magic
 h - a potion of curing {unknown}
 n - a potion of haste {unknown}
 o - a potion of brilliance {unknown}


   Skills:
 + Level 1.9 Fighting
 + Level 3.0 Dodging
 - Level 2.3 Stealth
 + Level 3.1 Spellcasting
 + Level 5.3 Necromancy


You had 6 spell levels left.
You knew the following spells:

 Your Spells              Type           Power      Damage    Failure   Level
a - Necrotise             Necr           80%        1d8       1%          1
b - Vampiric Draining     Necr           20%        2d7       2%          3

Your spell library contained the following spells:

 Spells                   Type           Power      Damage    Failure   Level
 Fugue of the Fallen      Necr           20%        N/A       2%          3
 Animate Dead             Necr           20%        N/A       8%          4
 Ensorcelled Hibernation  Hex/Ice        4%         N/A       11%         2
 Curse of Agony           Necr           20%        N/A       21%         5
 Anguish                  Hex/Necr       5%         N/A       22%         4


Dungeon Overview and Level Annotations

Branches:
Dungeon (4/15)
 Temple: D:4-7

Altars:
Ashenzari
Makhleb
Okawaru
Ru


Innate Abilities, Weirdness & Mutations

You are partially covered in large bone plates. (SH +4)
You may rarely emit foul miasma when damaged in melee.


Message History

The bombardier beetle barely resists.
The liquid fire burns you!
The bombardier beetle sprays incendiary fluid at you.
The burning spray misses you.
Your goblin skeleton hits the bombardier beetle but does no damage.
Casting: Necrotise (safe; 1% risk of failure)
Confirm with . or Enter, or press ? or * to list all spells.
You don't have enough magic to cast this spell.
Casting: Necrotise (safe; 1% risk of failure)
Confirm with . or Enter, or press ? or * to list all spells.
You don't have enough magic to cast this spell.
Casting: Necrotise (safe; 1% risk of failure)
Confirm with . or Enter, or press ? or * to list all spells.
You don't have enough magic to cast this spell.
You hit the bombardier beetle.
The bombardier beetle is severely wounded.
The liquid fire burns you!
Your goblin skeleton barely misses the bombardier beetle.
The bombardier beetle closely misses you.
You hit the bombardier beetle but do no damage.
The bombardier beetle is severely wounded.
The liquid fire burns you!
* * * LOW HITPOINT WARNING * * *
Your goblin skeleton hits the bombardier beetle.
You hit the bombardier beetle.
The bombardier beetle is almost dead.
The liquid fire burns you!
* * * LOW HITPOINT WARNING * * *
The bombardier beetle sprays incendiary fluid at you.
The burning spray hits you.
You are even more covered in liquid fire!
You hit the bombardier beetle but do no damage.
The bombardier beetle is almost dead.
The liquid fire burns you!
* * * LOW HITPOINT WARNING * * *
Your goblin skeleton closely misses the bombardier beetle.
Your magical contamination has completely faded away.
You shake off some of the fire as you move.
The liquid fire burns you!
You die...

.##............#
...............#
.##............#
###.#>.......#
#.#...#.#### # #...#.#
#.. # #.#...#.######.#
.# #........##...?. .
#.....@.....##.#)#
##.#.#.#.##.##.#.## .#
#.....B..##.##....#...
#.....Z.........#......
#...##...#.#......#
#.......###..##.###
........## ##.##.# ##..
#.# .###.# .. .# #..#


You could see a bombardier beetle (ally target) and a friendly goblin skeleton.

Vanquished Creatures
  A sleepcap (D:4)
  3 adders
  6 gnolls (D:3)
  3 dart slugs
  A ribbon worm (D:3)
  3 orcs
  5 endoplasms
  2 giant cockroaches (D:2)
  15 jackals
  2 ball pythons
  3 bats
  A frilled lizard (D:3)
  6 goblins
  5 kobolds
  3 rats
59 creatures vanquished.

Vanquished Creatures (collateral kills)
  A gnoll (D:3)
  A jackal (D:1)
2 creatures vanquished.

Grand Total: 61 creatures vanquished

Notes
Turn   | Place    | Note
-------+----------+-------------------------------------------
     0 | D:1      | PaiMei the Demonspawn Necromancer began the quest for the
                  | Orb.
     0 | D:1      | Reached XP level 1. HP: 13/13 MP: 3/3
   496 | D:1      | Gained mutation: You are partially covered in large bone
                  | plates. (SH +4) [demonic ancestry]
   496 | D:1      | Reached XP level 2. HP: 19/19 MP: 1/5
  1042 | D:2      | Reached XP level 3. HP: 22/24 MP: 1/6
  1068 | D:2      | Learned a level 3 spell: Vampiric Draining
  1909 | D:2      | Found a faded altar of an unknown god.
  2103 | D:3      | Found a burning altar of Makhleb.
  2103 | D:3      | Found a broken altar of Ashenzari.
  2154 | D:3      | Reached skill level 1 in Fighting
  2154 | D:3      | Gained mutation: You may rarely emit foul miasma when
                  | damaged in melee. [demonic ancestry]
  2154 | D:3      | Reached XP level 4. HP: 27/32 MP: 1/7
  2424 | D:3      | Reached skill level 5 in Necromancy
  3032 | D:3      | Reached XP level 5. HP: 28/37 MP: 1/9
  3103 | D:3      | Found a sacrificial altar of Ru.
  3366 | D:3      | Found an iron altar of Okawaru.
  3601 | D:4      | Noticed a sky beast
  3837 | D:4      | HP: 1/38 [burnt (4)]
  3838 | D:4      | Incinerated by a bombardier beetle

Illustrated notes

Levels and vault maps discovered:
D:1:      spicycebolla_arrival_xxxplode, layout_basic,
          nicolae_concentric_dashed_squares_wild
D:2:      layout_loops_ring, dilly_ecumenical_altar_fadedgnrine,
          kennysheep_cross_room, minmay_misc_feat_square
D:3:      wad_crossroads, layout_rooms, okawaru_altar_gauntlet_db,
          nicolae_ru_sacrificial_ziggurat,
          chequers_temple_overflow_statue_of_worship, hangedman_decor_points,
          corexii_hall_statues_i
D:4:      layout_loops_cross, nicolae_qazlal_style_of_elements,
          cheibrodos_worm_habitat, minmay_temple_entry_wispy

Skill      XL: |  1  2  3  4  5 |
---------------+----------------+-----
Stealth        | 2 |  2.3
Dodging        | 2 3 |  3.0
Fighting       | 1 |  1.9
Necromancy     | 5 |  5.3
Spellcasting   | 3 |  3.1

Action                     |  1- 3 |  4- 6 || total
---------------------------+-------+-------++-------
  Melee: Dagger            |    69 |    10 ||    79
   Cast: Necrotise         |    71 |    68 ||   139
         Vampiric Draining |       |     2 ||     2
 Armour: Robe              |    46 |    22 ||    68
  Dodge: Dodged            |    73 |    24 ||    97
  Block: Other             |    16 |     2 ||    18
